[Event "44th Chess Olympiad Women 2022"]
[Site "Chennai"]
[Date "2022.07.30"]
[Round "2.27"]
[White "Tsolakidou, Stavroula"]
[Black "Milovic, Aleksandra"]
[Result "1-0"]
[ECO "B01"]
[WhiteElo "2362"]
[BlackElo "2129"]
[Annotator "TA"]
[PlyCount "93"]
[EventDate "2022.07.29"]
[EventType "team-tourn"]
[EventCountry "IND"]
[SourceTitle "playchess.com"]
[Source "ChessBase"]
[SourceQuality "1"]
[WhiteTeam "Greece"]
[BlackTeam "Montenegro"]
[WhiteTeamCountry "GRE"]
[BlackTeamCountry "MNE"]
[TimeControl "40/5400+30:1800+30"]

1. e4 d5 2. exd5 Qxd5 3. Nc3 Qd8 4. d4 Nf6 5. Nf3 Bg4 6. h3 Bxf3 {[%emt 0:00:05] B01: Scandinavian Defence.} 7. Qxf3 c6 8. Be3 e6 {[%emt 0:00:10] White is slightly better.} 9. O-O-O Bb4 {[%emt 0:06:10] The main line 9...Bb4 scores better than 9...Nbd7.} 10. Ne4 Nxe4 11. Qxe4 {[%emt 0:00:05][%cal Od4d5] Hoping for d5!} Qd5 12. Qxd5 cxd5 13. c4 O-O 14. c5 $36 {[%emt 0:05:38][%mdl 2048] [#] White is in control.} a6 $146 ({Predecessor:} 14... Ba5 15. a3 Rc8 16. Kb1 a6 17. g4 Nd7 18. Rc1 Bd8 19. Be2 b5 20. g5 Nb8 {½-½ (33) Georgescu,L (2130)-Milovic,A (2191) Heraklion 2017}) 15. a3 Ba5 16. b4 Bd8 17. g4 Nc6 18. Be2 Be7 19. Kc2 Rfc8 20. Rb1 (20. h4 $16) 20... Bd8 (20... Bf6 $14 {should be considered.}) 21. f4 b6 22. Kb3 b5 23. a4 bxa4+ 24. Kxa4 Rcb8 25. g5 Na7 (25... Ra7 $11 {keeps the balance.}) 26. Kb3 ({Better is} 26. Rb2 $16) 26... a5 $1 $11 27. b5 Nxb5 28. Bxb5 Rxb5+ 29. Ka4 $1 Rbb8 30. c6 (30. f5 $14) 30... Rc8 (30... Bc7 $15) 31. Rhc1 Kf8 {[%emt 0:02:09] ...Ra6 is the strong threat.} (31... Ra6 $2 32. c7 Rxc7 33. Rb8 $18) 32. Rb7 Ke8 $2 (32... Bc7 $11 {and Black stays safe.}) 33. f5 $1 $18 Bc7 34. fxe6 fxe6 35. Bd2 e5 36. Rc5 $2 (36. Re1 $18 {has better winning chances.}) 36... Bd6 (36... exd4 $16 37. Rxd5 Rd8) 37. Rc1 ({Not} 37. Rxa5 Rxa5+ 38. Bxa5 Rxc6 $11) (37. Rxd5 $6 Rxc6 38. dxe5 Rc7 39. Rxc7 Bxc7 $11) (37. Rc2 $142 $1) 37... Bc7 $1 38. dxe5 Ke7 39. e6 ({White should try} 39. Bc3 $18) 39... Kxe6 $16 40. Re1+ Kf5 {[%emt 0:00:59] [#]} 41. Rb5 $1 {[%emt 0:30:36][%csl LRa5,LRd5] White is much more active.} Bg3 (41... Rd8 $16 {was called for.}) 42. Rxd5+ $18 Kg6 {[%emt 0:00:09] [#]} 43. Re6+ Kf7 44. Re3 Bh2 45. Re2 ({Worse is} 45. Rxa5 Rxa5+ 46. Kxa5 Rxc6 $11) 45... Bg1 (45... Bb8 46. Rd7+ (46. Rxa5 Rxa5+ 47. Kxa5 Rxc6 $11) 46... Kg6) 46. Rd7+ Kg6 47. c7 {[%emt 0:00:00] Weighted Error Value: White=0.26 (precise) /Black=0.39} 1-0

[Event "44th Chess Olympiad Women 2022"]
[Site "Chennai"]
[Date "2022.07.30"]
[Round "2.27"]
[White "Pavlidou, Ekaterini"]
[Black "Bacic, Kristina"]
[Result "1-0"]
[ECO "D10"]
[WhiteElo "2138"]
[BlackElo "1866"]
[Annotator "TA"]
[PlyCount "85"]
[EventDate "2022.07.29"]
[EventType "team-tourn"]
[EventCountry "IND"]
[SourceTitle "playchess.com"]
[Source "ChessBase"]
[SourceQuality "1"]
[WhiteTeam "Greece"]
[BlackTeam "Montenegro"]
[WhiteTeamCountry "GRE"]
[BlackTeamCountry "MNE"]
[TimeControl "40/5400+30:1800+30"]

1. d4 d5 2. c4 c6 3. cxd5 cxd5 4. Bf4 Nc6 5. e3 e6 6. Nc3 a6 7. Bd3 Nf6 8. h3 {[%emt 0:00:52] 8.Nf3 is the modern continuation. D10: Slav Defence: 3 cxd5 (without early Nf3) and 3 Nc3.} Bd6 9. Nge2 O-O 10. Bg5 {[%emt 0:02:10] [#] White has an edge.} h6 $146 ({Predecessor:} 10... b5 11. O-O Be7 12. Rc1 Bb7 13. Bb1 Ne8 14. Bxe7 Qxe7 15. e4 dxe4 16. Nxe4 Nd6 {1-0 (26) Brhel,J (2070)-Popovic,M (1874) Banska Stiavnica 2018}) 11. Bxf6 Qxf6 12. f4 Qh4+ 13. g3 Qh5 14. Ng1 Qxd1+ 15. Rxd1 b5 16. Rc1 Bd7 17. Nf3 Na5 18. b3 {[%emt 0:06:34] Inhibits Nc4.} Rfc8 19. Ne2 Rxc1+ 20. Nxc1 Rc8 21. Ne2 Nc6 22. Kf2 Ba3 23. g4 Nb4 24. Bb1 a5 25. Ne5 Be8 26. h4 a4 (26... f6 $5 27. Nf3 Nc6 $11) 27. h5 f6 {[%emt 0:05:00] [#] aiming for ...axb3.} 28. Nf3 (28. Ng6 {looks sharper.} Rc7 29. f5 exf5 30. Bxf5 Bb2 31. Nef4) 28... axb3 29. axb3 Nc6 30. g5 Na5 $2 (30... Ne7 $11) 31. gxf6 $16 gxf6 32. f5 Kf7 (32... e5 $16) 33. fxe6+ $18 Kxe6 34. Nh4 {[%emt 0:00:33] [#] Bf5+ is the strong threat.} Bd7 35. Nf5 ({White should play} 35. Bf5+ $18 Kd6 36. Ra1) 35... Nxb3 $2 {[%emt 0:03:35] This costs Black the game.} (35... Bd6 $2 36. Rg1 $18) (35... Bf8 $16 {is a better defense.}) 36. Nf4+ (36. Nxh6 Nd2 $16) 36... Kf7 37. Nxh6+ {[%emt 0:00:13] Pair of Knights!} Kg7 38. Nf5+ Bxf5 $2 (38... Kh8 39. Rd1 (39. Nxd5 Bc6 $18) 39... Rc1 40. Rxc1 Bxc1 41. Nxd5 Bxf5 42. Bxf5 Kg7) 39. Bxf5 {[%emt 0:00:04] White is clearly winning.} Rh8 40. h6+ Kf7 41. Be6+ Ke8 42. Ng6 Rh7 43. Bg8 {[%emt 0:00:05] Weighted Error Value: White=0.11 (very precise) /Black=0.30} 1-0

[Event "44th Chess Olympiad Women 2022"]
[Site "Chennai"]
[Date "2022.07.30"]
[Round "2.27"]
[White "Koljevic, Nikolina"]
[Black "Avramidou, Anastasia"]
[Result "1/2-1/2"]
[ECO "C00"]
[WhiteElo "2014"]
[BlackElo "2274"]
[Annotator "TA"]
[PlyCount "57"]
[EventDate "2022.07.29"]
[EventType "team-tourn"]
[EventCountry "IND"]
[SourceTitle "playchess.com"]
[Source "ChessBase"]
[SourceQuality "1"]
[WhiteTeam "Montenegro"]
[BlackTeam "Greece"]
[WhiteTeamCountry "MNE"]
[BlackTeamCountry "GRE"]
[TimeControl "40/5400+30:1800+30"]

1. e4 e6 2. d3 d5 3. Nd2 c5 4. Ngf3 Nc6 5. g3 Nf6 6. Bg2 Be7 7. O-O O-O 8. Re1 b6 9. e5 Nd7 10. Nf1 f6 11. exf6 Bxf6 {[%emt 0:00:13] C00: French: Unusual White 2nd moves.} 12. Bh3 (12. Rxe6 Nde5 13. Nxe5 Nxe5 14. Rxf6 Qxf6 15. Bxd5+ Be6 16. Bxe6+ Qxe6 $15) 12... Nde5 13. Nxe5 Bxe5 {[%emt 0:07:21] The position is equal.} 14. c3 {[%emt 0:04:29] [#]} Re8 $146 ({Predecessor:} 14... Qf6 15. Qe2 Re8 16. Ne3 Qd8 17. Bd2 Bc7 18. Bg2 Bb7 19. f4 Qd7 20. Rad1 Re7 {½-½ (56) Misiuga,A (2221)-Nabelek,M (2086) Moravia 2003}) 15. Ne3 Bf6 16. Qb3 (16. Bg2 $14) 16... Ne5 $15 17. Bg2 {[%emt 0:05:14] Prevents Nf3+.} Nxd3 18. Nxd5 Bb7 {[%emt 0:04:12] [#]} 19. Rxe6 $1 Rxe6 20. Nf4 {[%emt 0:01:26][%mdl 64] Pin} Kh8 21. Nxe6 Qd7 {[%emt 0:00:19] Threatens to win with ...Bxg2.} 22. Nf4 (22. Bxb7 $14 Qxb7 23. Nf4) 22... Bxg2 23. Kxg2 (23. Nxg2 $11 Rd8 24. Be3) 23... Ne1+ 24. Kf1 $1 Nf3 ({Black should try} 24... c4 $1 $15 25. Qxc4 Nc2) 25. Kg2 Ne1+ (25... c4 $11 26. Qxc4 Nh4+ 27. gxh4 Qg4+ 28. Kh1 (28. Kf1 Qd1+ 29. Kg2 Qg4+ 30. Kh1 Qd1+ 31. Kg2 Qg4+ $11) 28... Qf3+ 29. Kg1 Qg4+ 30. Kh1 (30. Kf1 Qd1+ 31. Kg2 Qg4+ 32. Kh1 Qf3+ 33. Kg1 Qg4+ 34. Kh1 $11) 30... Qf3+ 31. Kg1 Qg4+ 32. Kh1 (32. Kf1 Qd1+ 33. Kg2 Qg4+ 34. Kh1 $11)) 26. Kf1 $1 Nf3 (26... c4 $1 $15 27. Qxc4 Nc2) 27. Kg2 Ne1+ (27... c4 $11 28. Qxc4 Nh4+ 29. gxh4 Qg4+ 30. Kh1 (30. Kf1 Qd1+ 31. Kg2 Qg4+ 32. Kh1 Qd1+ 33. Kg2 Qg4+ $11) 30... Qf3+ 31. Kg1 Qg4+ 32. Kh1 (32. Kf1 Qd1+ 33. Kg2 Qg4+ 34. Kh1 Qf3+ 35. Kg1 Qg4+ 36. Kh1 $11) 32... Qf3+ 33. Kg1 Qg4+ 34. Kh1 (34. Kf1 Qd1+ 35. Kg2 Qg4+ 36. Kh1 $11)) 28. Kf1 $1 Nf3 (28... c4 $1 $15 29. Qxc4 Nc2) 29. Kg2 {[%emt 0:00:06] Weighted Error Value: White=0.19 (very precise) /Black=0.26 (precise)} 1/2-1/2

[Event "44th Chess Olympiad Women 2022"]
[Site "Chennai"]
[Date "2022.07.30"]
[Round "2.27"]
[White "Popovic, Mateja"]
[Black "Makka, Ioulia"]
[Result "1/2-1/2"]
[ECO "A46"]
[WhiteElo "1634"]
[BlackElo "1975"]
[Annotator "TA"]
[PlyCount "91"]
[EventDate "2022.07.29"]
[EventType "team-tourn"]
[EventCountry "IND"]
[SourceTitle "playchess.com"]
[Source "ChessBase"]
[SourceQuality "1"]
[WhiteTeam "Montenegro"]
[BlackTeam "Greece"]
[WhiteTeamCountry "MNE"]
[BlackTeamCountry "GRE"]
[TimeControl "40/5400+30:1800+30"]

1. d4 Nf6 2. Nf3 e6 3. Bg5 c5 4. c3 h6 5. Bxf6 Qxf6 6. e3 {[%emt 0:00:06] A46: 1 d4 Nf6 2 Nf3 e6: Torre, London and Colle Systems.} b6 7. Nbd2 Bb7 {[%emt 0:01:59] Inhibits Ne4.} 8. Bd3 Nc6 9. O-O Qd8 {[%emt 0:22:47] [#]} 10. e4 $146 ({Predecessor:} 10. a3 Be7 11. b4 O-O 12. e4 d6 13. Re1 Qc7 14. Qe2 Rfe8 15. Rac1 Rac8 16. Nf1 {½-½ (56) Borsos,B (2277)-Bozinovic,B (2176) Zalakaros 2018}) 10... cxd4 11. Nxd4 a6 12. Re1 Qc7 13. N2f3 Nxd4 14. Nxd4 Qe5 15. Qd2 Bc5 16. Nb3 Be7 17. Qe3 Qc7 18. Rad1 d6 19. e5 dxe5 20. Qxe5 Qxe5 21. Rxe5 Rd8 22. Ree1 O-O 23. Be2 Rxd1 24. Rxd1 {[%emt 0:00:11] [#] Hoping for Rd7.} Rd8 {[%emt 0:00:54] Prevents Rd7.} 25. Rxd8+ Bxd8 $11 {[%emt 0:00:02][%mdl 4096] Endgame KBB-KBN} 26. Nd2 Kf8 27. Kf1 Ke7 28. Bf3 Bc8 29. Ke2 Bc7 30. g3 f6 31. b3 g5 32. h3 f5 33. Bg2 e5 34. f3 h5 35. Nc4 f4 {[%emt 0:00:39] Prevents Ne3.} 36. g4 {[%emt 0:00:18] [#]} h4 ({Better is} 36... e4 $1 $17 {...e3 is the strong threat.} 37. Nd2 hxg4 38. hxg4 exf3+ 39. Bxf3 Ke6) 37. Nd2 {[%emt 0:00:28] The position is equal.} Kf7 38. Ne4 Kg6 $1 39. Kd3 Bb7 40. c4 Bc6 41. Nc3 Bd6 42. a4 a5 43. Nd5 Bc5 44. Ke4 Bd4 45. Bf1 Bb7 46. Kd3 {[%emt 0:00:00] Weighted Error Value: White=0.05 (flawless) /Black=0.05 (flawless)} 1/2-1/2

[Event "44th Chess Olympiad Women 2022"]
[Site "Chennai"]
[Date "2022.07.30"]
[Round "2.28"]
[White "Munkhzul, Turmunkh"]
[Black "Oviedo Acosta, Paula"]
[Result "1-0"]
[ECO "B42"]
[WhiteElo "2277"]
[BlackElo "1855"]
[Annotator "TA"]
[PlyCount "93"]
[EventDate "2022.07.29"]
[EventType "team-tourn"]
[EventCountry "IND"]
[SourceTitle "playchess.com"]
[Source "ChessBase"]
[SourceQuality "1"]
[WhiteTeam "Mongolia"]
[BlackTeam "Paraguay"]
[WhiteTeamCountry "MGL"]
[BlackTeamCountry "PAR"]
[TimeControl "40/5400+30:1800+30"]

1. e4 c5 2. Nf3 e6 3. d4 cxd4 4. Nxd4 a6 5. Bd3 Bc5 6. Nb3 Ba7 7. O-O Ne7 8. Qe2 {[%emt 0:01:31] B42: Sicilian: Kan Variation: 5 Bd3.} O-O 9. Be3 Nbc6 10. Rd1 {[%emt 0:02:53] [#] White is slightly better.} Nb4 $146 ({Predecessor:} 10... d6 11. c4 e5 12. Bxa7 Rxa7 13. Qe3 Ra8 14. Nc3 Be6 15. Bf1 Qb8 16. Rd2 a5 17. Rad1 {1-0 (45) Piorun,K (2643)-Keymer,V (2506) Douglas 2019}) 11. Nc3 b5 12. a3 Nxd3 13. Qxd3 f5 14. Nc5 (14. Bc5 $14) 14... Bxc5 (14... fxe4 $11 15. N5xe4 (15. Qxe4 d5 $11) 15... d5) 15. Bxc5 $16 Rf7 16. a4 {[%emt 0:03:44] White is more active.} b4 (16... bxa4 $142 17. Qd6 (17. Nxa4 fxe4 18. Qxe4 d5 $16) (17. Rxa4 Ng6 $16) 17... fxe4) 17. Bxb4 Rb8 (17... Ng6 $16 {might work better.}) 18. Ba3 (18. Bd6 $18 Ra8 19. exf5) 18... f4 (18... Ng6 $16 19. Bd6 Rxb2) 19. f3 g5 20. b3 Ng6 21. h3 h5 (21... Bb7 $142 22. Qd6 Rc8) 22. Bd6 Rb6 23. e5 Ne7 (23... Kg7 {was worth a try.} 24. a5 Rc6) 24. Bxe7 $18 Qxe7 25. Ne4 Kg7 26. Qd4 Rb4 27. Qc3 Rxe4 28. fxe4 Bb7 29. Rd4 g4 30. hxg4 hxg4 {[%emt 0:00:21] Hoping for ...Qh4.} 31. g3 {[%emt 0:00:44] Prevents Qh4.} Qg5 (31... Kg6 $142) 32. Rf1 f3 33. Rb4 $4 {[%emt 0:03:42][%mdl 8192] [#]} (33. Rd2 $1 $18) 33... Bc6 $2 (33... Kg6 $1 $19 34. Rxb7 Qh6) 34. Qd4 $2 {[%emt 0:01:43][%mdl 8192] [#]} (34. Kf2 $11 {and White has nothing to worry.} Qh6 35. Qe1 Qh2+ 36. Ke3 Qxc2 37. Qd2 Qc5+ 38. Kd3 Qxe5 39. Rh1 (39. Qc3 Qxc3+ 40. Kxc3 Kf6 $11)) 34... Kg6 $2 (34... Rf8 $1 $19 35. Rb6 Qh5 36. Rxc6 dxc6 37. Qd7+ Rf7) 35. Rb8 $11 {[%emt 0:03:16][%cal Bb4b8,Bb8d8,Bd8d7][%mdl 32] Rh8 is the strong threat.} Kg7 {[%emt 0:04:36] Prevents Rh8.} ({Black should try} 35... Qh5 $11 36. Rg8+ Kh7) 36. b4 ({Better is} 36. Rd1 $1 $14) 36... Bxe4 $2 37. Qxe4 $18 Qh5 38. Qe3 {[%emt 0:00:30] Strongly threatening Rf2.} Rf5 39. Rd8 Qh3 40. Rxd7+ Kg6 41. Kf2 (41. Qf2 {leads to mate.} Rh5) 41... Qg2+ 42. Ke1 Qxc2 43. Rd2 ({Wrong is} 43. Rh1 $2 f2+ 44. Kf1 Qb1+ 45. Ke2 Qxh1 46. Qxf2 Rxf2+ $19) 43... Qb1+ 44. Kf2 {[%emt 0:00:12] White mates.} Qxb4 45. Rh1 Rh5 46. Qd3+ Kg5 47. Qd8+ {[%emt 0:00:00] Weighted Error Value: White=0.61/Black=0.80} 1-0

[Event "44th Chess Olympiad Women 2022"]
[Site "Chennai"]
[Date "2022.07.30"]
[Round "2.28"]
[White "Vargas, Gabriela"]
[Black "Enkhtuul, Altan-Ulzii"]
[Result "0-1"]
[ECO "D70"]
[WhiteElo "2140"]
[BlackElo "2267"]
[Annotator "TA"]
[PlyCount "68"]
[EventDate "2022.07.29"]
[EventType "team-tourn"]
[EventCountry "IND"]
[SourceTitle "playchess.com"]
[Source "ChessBase"]
[SourceQuality "1"]
[WhiteTeam "Paraguay"]
[BlackTeam "Mongolia"]
[WhiteTeamCountry "PAR"]
[BlackTeamCountry "MGL"]
[TimeControl "40/5400+30:1800+30"]

1. d4 d5 2. Nf3 Nf6 3. c4 c6 4. cxd5 Nxd5 5. e4 Nb6 6. Nc3 Bg4 7. Be2 g6 8. Be3 Bg7 9. Qd2 {[%emt 0:01:06] [#] D70: Grünfeld: Unusual White 3rd moves (met by ...d5).} Bxf3 $146 ({Predecessor:} 9... N8d7 10. Bh6 O-O 11. Bxg7 Kxg7 12. Qf4 Bxf3 13. gxf3 e5 14. dxe5 Qc7 15. O-O-O Qxe5 16. Qe3 Rad8 {½-½ (31) Ferreira,A-Dias,S Rio de Janeiro 1997}) 10. gxf3 N8d7 11. Bh6 (11. O-O-O $16) 11... Bxh6 $11 12. Qxh6 e6 13. e5 Qe7 14. Rd1 (14. O-O-O $11) 14... O-O-O $15 15. Ne4 Kb8 16. Qd2 Rhf8 (16... Nxe5 $2 17. Qf4 $18) 17. O-O f6 18. Kh1 (18. f4 $17 {is a better defense.}) 18... Nd5 (18... fxe5 $19 {and Black stays clearly on top.} 19. dxe5 Nd5) 19. exf6 (19. f4 $142) 19... N7xf6 $17 20. Ng3 (20. Bc4 $17) 20... Nd7 21. Rfe1 Qh4 22. Bf1 Rxf3 23. Bg2 Rf6 {[%emt 0:07:14] 0x0.00168200299cdp-1022s more active pieces.} 24. Re4 Nf4 {[%emt 0:06:49] aiming for ...g5.} 25. Qb4 (25. Ne2 $17 g5 26. Nxf4 gxf4 27. Qe2) 25... Nb6 $19 26. Rde1 (26. Qa5 $142) 26... Nbd5 {[%emt 0:00:27] Pair of Knights!} 27. Qa5 {[%emt 0:00:15][%cal Ra5d8] [#]} Rff8 28. Qd2 Qf6 $40 {[%emt 0:00:39][%mdl 128] Black is out for blood.} 29. Re5 $2 (29. Bf1) 29... Nxg2 30. Kxg2 Qf3+ 31. Kf1 Nf4 {[%emt 0:00:21][%csl Gf4][%cal Rf3g2] [#]} 32. R1e3 Qg2+ 33. Ke1 Qg1+ 34. Nf1 Ng2+ {[%emt 0:00:05] Weighted Error Value: White=0.82/Black=0.21 (precise)} 0-1

[Event "44th Chess Olympiad Women 2022"]
[Site "Chennai"]
[Date "2022.07.30"]
[Round "2.28"]
[White "Munkhzul, Davaakhuu"]
[Black "Montiel Caceres, Helen"]
[Result "1-0"]
[ECO "B85"]
[WhiteElo "2095"]
[BlackElo "1763"]
[Annotator "TA"]
[PlyCount "139"]
[EventDate "2022.07.29"]
[EventType "team-tourn"]
[EventCountry "IND"]
[SourceTitle "playchess.com"]
[Source "ChessBase"]
[SourceQuality "1"]
[WhiteTeam "Mongolia"]
[BlackTeam "Paraguay"]
[WhiteTeamCountry "MGL"]
[BlackTeamCountry "PAR"]
[TimeControl "40/5400+30:1800+30"]

1. e4 c5 2. Nf3 e6 3. d4 cxd4 4. Nxd4 Nc6 5. Nc3 Qc7 6. Be3 a6 7. Be2 Nf6 8. O-O Be7 9. f4 d6 10. Qe1 Nxd4 11. Bxd4 b5 12. a3 O-O 13. Qg3 Bb7 14. Kh1 Rad8 15. Rae1 {[%emt 0:00:48] B85: Sicilian Scheveningen: 6 Be2 a6, lines with early Be3.} Rfe8 16. Bd3 {[%emt 0:00:48] [#]} d5 $146 (16... Bc6 $11) ({Predecessor:} 16... Rd7 17. Re3 g6 18. Re2 Qd8 19. f5 Nh5 20. Qh3 Bf6 21. Bxf6 Nxf6 22. Qh4 exf5 23. exf5 Rxe2 24. Nxe2 {1-0 (36) Navara,D (2734)-David,A (2553) Patras 2019}) 17. Be5 $16 {[%emt 0:16:06] White is more active.} Qc5 18. exd5 ({White should play} 18. f5 $1 $16 {[%cal Rf5e6] Strongly threatening fxe6.} dxe4 19. fxe6 exd3 20. Rxf6 Bxf6 21. Bxf6) 18... exd5 $11 19. Ne2 Bc8 20. Nd4 Qb6 21. c3 Bf8 22. f5 Bd6 23. Nf3 {[%emt 0:03:33] [#]} (23. Bxd6 $14 Rxd6 24. Rxe8+ Nxe8 25. Qe5) 23... Bxe5 (23... Rxe5 $1 $17 24. Rxe5 (24. Nxe5 $2 Qc7 $17) 24... Nd7) 24. Rxe5 Rxe5 25. Qxe5 Re8 26. Qd4 Qc7 27. a4 (27. Re1 $11 {should be considered.}) 27... Bd7 $15 28. axb5 Bxb5 29. Ra1 Bxd3 30. Qxd3 Qb6 31. b4 Ne4 32. Qd4 (32. Rxa6 Nf2+ 33. Kg1 Nh3+ 34. Kh1 Qg1+ $3 35. Nxg1 Nf2#) 32... Qc6 (32... Qb5 $15) 33. Rc1 $2 {[%emt 0:02:48][%mdl 8192] [#]} (33. Ra5 $1 $11 {and White stays safe.}) 33... Qb5 $2 ({Black should try} 33... Ng3+ $1 $19 34. hxg3 Qh6+ 35. Kg1 Qxc1+ 36. Kf2 Qc2+ 37. Kg1 Qxf5) 34. Kg1 Rc8 $36 {[%emt 0:00:51][%cal Be8c8,Bc8c4,Bc4c5][%mdl 2080] Black is pushing.} (34... a5 {looks sharper.} 35. c4 dxc4 36. Qxc4 Qb6+) 35. Ne5 f6 (35... a5 $1 $17 {[%cal Ra5b4] aiming for ...axb4.} 36. Re1 a4) 36. Nd3 $11 Rc4 37. Qe3 (37. Qa7 $11 {remains equal.}) 37... Nxc3 (37... Rxc3 $2 38. Rxc3 Qd7 39. Ra3 $18) (37... Qc6 $1 $17 38. Nc5 Nxc5 39. bxc5 Qxc5 40. Qxc5 Rxc5) 38. Qe6+ Kf8 39. Re1 (39. Qd6+ $11 Ke8 40. Qe6+ Kf8 41. Qd6+ (41. Re1 Ne4 $17) 41... Kg8 42. Qe6+ Kf8) 39... Ne4 $17 40. Nc5 (40. Kh1 $142) 40... Rxc5 41. Rxe4 {[%emt 0:01:53] Qe7+ would kill now.} (41. bxc5 {is a self mate.} Qxc5+ 42. Kh1 Nf2+ 43. Kg1 Nh3+ 44. Kh1 Qg1+ $3 45. Rxg1 Nf2#) 41... dxe4 42. Qd6+ Ke8 (42... Kg8 $1 $17 {( -> ...Rc1+)} 43. bxc5 h5) 43. Qe6+ $11 Kd8 44. Qd6+ Kc8 45. bxc5 {[%emt 0:00:44][%mdl 4096] Endgame KQ-KQ} Qb1+ 46. Kf2 Qc2+ 47. Ke1 Qd3 {[%emt 0:05:43] And now ...Qxd6 would win.} 48. Qc6+ Kd8 49. Qb6+ Ke8 50. Qe6+ Kd8 51. Qg8+ Kc7 52. Qxg7+ Kc6 53. Qxf6+ Kxc5 54. Qe7+ Kb5 55. Qe5+ Kb4 56. Qb2+ Kc5 57. f6 {[%emt 0:01:46] Hoping for f7.} Qe3+ 58. Kf1 Qd3+ 59. Qe2 $2 (59. Kg1 $11 Kd6 60. Qb6+ Ke5 61. f7 Qd1+ 62. Kf2 Qd2+ 63. Kf1 Qf4+ 64. Qf2 Qc1+ 65. Ke2 Qc2+ 66. Kf1 Qc1+ 67. Ke2 Qc2+ 68. Kf1 Qc1+) 59... Qb1+ $2 (59... Kd6 $19 60. Qxd3+ exd3) 60. Kf2 {[%emt 0:00:09] Black must now prevent f7.} Qb7 {[%emt 0:01:49] [#]} (60... Qa1 $11 {and Black has nothing to worry.}) 61. Qa2 $2 ({Don't play} 61. Qh5+ $6 Kd6 $14) (61. Qd2 $1 $18) 61... Kd6 62. Ke3 Ke5 63. f7 Qa7+ 64. Ke2 Qe7 $2 ({Better is} 64... Qc5 $1 $11) 65. Qa5+ $2 (65. Qxa6 $16 Qxf7 66. Qa1+ Kd6 67. Qd4+ Kc6 68. Qxe4+ Kb5 69. h3) 65... Kf6 66. Qxa6+ Kxf7 67. Qh6 Kg8 68. g3 Qf7 69. Qg5+ Kf8 {[%emt 0:00:06] [#]} (69... Kh8 $1 $11 {keeps the balance.}) 70. Qf4 $1 {[%emt 0:00:16] Weighted Error Value: White=0.53/Black=0.45} 1-0

[Event "44th Chess Olympiad Women 2022"]
[Site "Chennai"]
[Date "2022.07.30"]
[Round "2.28"]
[White "Perez, Dalila"]
[Black "Mungunzul, Bat-Erdene"]
[Result "0-1"]
[ECO "D11"]
[WhiteElo "1799"]
[BlackElo "2163"]
[Annotator "TA"]
[PlyCount "76"]
[EventDate "2022.07.29"]
[EventType "team-tourn"]
[EventCountry "IND"]
[SourceTitle "playchess.com"]
[Source "ChessBase"]
[SourceQuality "1"]
[WhiteTeam "Paraguay"]
[BlackTeam "Mongolia"]
[WhiteTeamCountry "PAR"]
[BlackTeamCountry "MGL"]
[TimeControl "40/5400+30:1800+30"]

1. d4 d5 2. Nf3 Nf6 3. c4 c6 4. g3 Bf5 5. Nc3 a6 6. Nh4 {[%emt 0:21:43] D11: Slav Defence: 3 Nf3 sidelines and 3...Nf6 4 e3 Bg4.} Bg4 7. h3 Bh5 {[%emt 0:10:09] [#]} (7... Bc8 $11) 8. g4 $146 {[%emt 0:07:23] White is better.} ({Predecessor:} 8. b3 e6 9. g4 Bg6 10. Nxg6 hxg6 11. Bg2 Bb4 12. Bd2 Qa5 13. Qc2 Ba3 {0-1 (13) Chan,Y (1859)-Tirto (2295) Penang 2017}) 8... Bg6 9. Qb3 b5 10. cxd5 (10. cxb5 $6 axb5 11. Nxg6 hxg6 $11) (10. Nxg6 $6 dxc4 11. Qc2 hxg6 $11) 10... Nxd5 11. Nxg6 hxg6 12. Bg2 e6 13. e4 Nb4 14. Qd1 {[%emt 0:14:08] [#] Prevents Nd3+.} (14. O-O $16 {and life is bright.}) 14... Qxd4 $17 {[%emt 0:03:32] Black keeps a firm grip on the game.} 15. O-O Qxd1 {[%emt 0:03:08] Black is more active.} 16. Rxd1 e5 {[%emt 0:00:41] Prevents Bf4.} 17. Be3 (17. Rd2 $142 Nd7 18. a3) 17... Nc2 18. Rac1 Nxe3 19. fxe3 Nd7 20. Nb1 Rc8 21. Nd2 Bc5 22. Kf2 Ke7 23. Nf3 {[%emt 0:03:03][%cal Od1d7] And now Rxd7+! would win.} Bb6 24. Rc3 (24. h4 $142) 24... Rhd8 25. b4 {[%emt 0:02:25] [#]} (25. g5 $17) 25... c5 $1 $19 (25... Nf6 26. Rxd8 Nxe4+ 27. Kf1 Rxd8 28. Rc2 $17) 26. Rdc1 c4 27. a4 f6 ({Not} 27... bxa4 28. Ke2) 28. Bf1 Nb8 29. Ke2 (29. Rb1 {might work better.}) 29... Nc6 ({Weaker is} 29... bxa4 30. Nd2 $15) 30. Rb1 {[%emt 0:00:22] [#]} Nxb4 $1 31. axb5 (31. Ne1 Bc5) 31... axb5 32. Ra3 (32. Nh4 $142) 32... Bc5 {[%emt 0:04:12] Black is clearly winning.} 33. Ne1 Ra8 34. Rc3 (34. Raa1 $142) 34... Ra2+ 35. Kf3 Rdd2 {[%emt 0:00:12] Hoping for ...Rf2+.} 36. Kg3 Rdb2 37. Rbc1 Ra7 38. Kf3 Na2 {[%emt 0:00:00] Weighted Error Value: White=0.58/Black=0.25 (precise)} 0-1